Map: Dusk Towers

Players

LilDicky - Winner!

  • Race: Terran Terran
  • League: Diamond

Doc

  • Race: Terran Terran
  • League: Platinum

VOD

http://www.twitch.tv/tumescentpie

Description

Time

  • Played on: Nov. 24, 2015, 4:12 p.m.
  • Length: 13:20
Show
View Real Time Build Order
Export as new Build Order

LilDicky Terran - Winner!

Build Orders:  

Get SALT Encoding   

  12  0:01  SCV  
  13  0:13  SCV  
  14  0:21  Supply Depot  
  14  0:25  SCV  
  16  0:42  SCV  
  16  0:44  Barracks  
  16  0:47  Refinery  
  16  0:55  SCV  
  17  1:07  SCV  
  18  1:19  SCV  
  19  1:32  Refinery, Marine  
  20  1:34  Supply Depot  
  20  1:35  Orbital Command  
  20  1:59  Marine  
  21  2:06  Factory  
  21  2:09  SCV  
  22  2:20  Command Center  
  22  2:21  SCV  
  22  2:22  Marine  
  24  2:34  SCV  
  25  2:41  Supply Depot  
  25  2:46  Marine  
  25  2:49  SCV  
  27  2:52  Factory Tech Lab  
  27  2:54  Starport  
  27  3:01  SCV  
  28  3:17  Siege Tank  
  28  3:18  SCV  
  32  3:30  SCV  
  32  3:33  Orbital Command  
  33  3:34  Medivac  
  35  3:42  SCV  
  35  3:48  Supply Depot, Engineering Bay  
  36  3:49  Marine  
  36  3:52  Siege Tank  
  36  3:54  SCV  
  41  4:00  SCV  
  42  4:06  SCV  
  42  4:07  Supply Depot  
  42  4:09  Marine  
  44  4:14  Starport Tech Lab  
  44  4:24  Siege Tank, Missile Turret  
  47  4:26  Hi-Sec Auto Tracking  
  47  4:27  Marine  
  47  4:30  Missile Turret  
  48  4:34  Banshee  
  48  4:37  SCV  
  52  4:39  SCV  
  52  4:44  Refinery, Marine  
  54  4:49  SCV  
  55  4:52  Cloaking Field  
  51  5:15  SCV, Siege Tank  
  55  5:26  Refinery  
  55  5:29  Command Center  
  55  5:43  SCV  
  56  5:54  SCV  
  57  5:59  Banshee  
  57  6:00  Siege Tank  
  57  6:01  Marine  
  57  6:02  SCV  
  65  6:06  SCV  
  66  6:14  SCV  
  67  6:19  Barracks  
  67  6:20  SCV, Barracks Tech Lab  
  67  6:22  Barracks x2  
  65  6:44  Banshee, Siege Tank  
  64  7:20  Marine  
  64  7:22  Barracks Reactor x2  
  64  7:23  Stimpack  
  64  7:27  Banshee  
  67  7:37  Marine  
  68  7:46  Siege Tank  
  68  7:51  Barracks Reactor  
  68  7:53  Starport  
  68  7:54  SCV x2  
  68  7:55  Marine  
  71  7:59  Command Center  
  71  8:04  Command Center, Terran Infantry Armor Level 1  
  71  8:05  Engineering Bay  
  71  8:06  SCV, Barracks x2, Orbital Command  
  71  8:07  SCV, Barracks, Marine  
  71  8:08  Marine  
  75  8:13  Marine  
  75  8:15  Marine  
  77  8:22  Supply Depot  
  77  8:23  Supply Depot x2  
  77  8:27  Missile Turret  
  77  8:30  Missile Turret  
  77  8:34  Starport Reactor  
  77  8:37  Fusion Core  
  77  8:43  Missile Turret  
  77  8:44  Banshee, SCV x2, Missile Turret, Marine x2  
  84  8:50  Siege Tank  
  84  8:55  Barracks Reactor x2, Barracks Tech Lab  
  87  8:56  SCV x2  
  87  8:58  Marine  
  87  8:59  Marine  
  91  9:03  Refinery  
  91  9:04  Refinery, Marine x2  
  93  9:26  Widow Mine  
  93  9:30  Viking x3  
  101  9:35  Marine x3  
  104  9:49  SCV x2  
  104  9:50  Marine x2  
  104  9:51  Marauder  
  111  9:54  Orbital Command  
  111  9:55  Orbital Command  
  111  9:56  SCV  
  111  9:58  Terran Infantry Weapons Level 1  
  105  10:01  SCV x2  
  105  10:02  Armory  
  107  10:22  Command Center  
  103  10:31  Marine  
  103  10:32  Marine x11  
  109  10:38  SCV  
  109  10:40  Liberator  
  110  10:49  SCV, Marine  
  112  10:50  Marine x2  
  112  10:51  Marauder x2  
  112  10:52  Banshee  
  112  10:53  Medivac  
  112  10:55  SCV x2  
  127  10:59  Advanced Ballistics  
  127  11:00  Behemoth Reactor  
  128  11:06  SCV, Marine  
  128  11:07  Marine  
  128  11:10  Combat Shields  
  131  11:11  Orbital Command  
  131  11:13  Concussive Shells  
  131  11:23  Missile Turret  
  131  11:27  Missile Turret x2  
  131  11:29  Supply Depot  
  131  11:33  Supply Depot  
  131  11:34  Supply Depot x2, Marauder x2, SCV x2, Marine x5  
  131  11:35  Supply Depot  
  131  11:39  Planetary Fortress  
  142  11:42  Refinery  
  142  11:50  SCV x2  
  144  11:56  Marauder x2  
  148  12:11  Missile Turret  
  148  12:15  Missile Turret  
  148  12:17  Marauder x2  
  148  12:22  SCV  
  153  12:24  Refinery  
  153  12:27  SCV, Refinery  
  153  12:29  Marine x2  
  156  12:30  Marine  
  156  12:33  Weapon Refit  
  156  12:34  SCV  
  156  12:35  Viking  
  156  12:36  Viking  
  168  12:38  Marauder x2  
  172  12:46  SCV  
  173  12:58  SCV  
  174  13:02  SCV x2  
Show
View Real Time Build Order
Export as new Build Order

Doc Terran 

Build Orders: Reaper Expand 

Get SALT Encoding   

  12  0:01  SCV  
  13  0:13  SCV  
  14  0:18  Supply Depot  
  14  0:26  SCV  
  15  0:39  SCV  
  15  0:42  Barracks  
  16  0:47  Refinery  
  16  0:52  SCV  
  17  1:24  Command Center  
  17  1:34  Reaper  
  18  1:48  Orbital Command  
  17  2:06  Barracks Reactor  
  17  2:17  SCV  
  17  2:22  Supply Depot  
  18  2:29  SCV  
  19  2:41  SCV  
  19  2:43  Marine x2  
  19  2:44  Orbital Command  
  22  2:53  SCV, Factory  
  23  2:58  Refinery  
  23  3:01  Marine x2  
  23  3:05  SCV  
  26  3:17  SCV  
  26  3:19  Marine x2  
  29  3:24  SCV  
  30  3:29  SCV  
  31  3:36  SCV  
  32  3:41  Factory Tech Lab  
  32  3:44  Starport  
  32  3:50  SCV  
  32  3:51  SCV  
  32  3:54  Marine x2  
  36  4:01  Siege Tank  
  36  4:02  SCV  
  40  4:03  SCV  
  41  4:14  SCV  
  41  4:15  Marine x2  
  41  4:16  SCV  
  45  4:35  Supply Depot  
  45  4:36  Supply Depot  
  45  4:39  Supply Depot  
  45  4:46  SCV  
  45  4:51  Refinery  
  46  4:57  SCV, Siege Tank, Medivac  
  52  5:22  Marine x2  
  51  5:56  Cyclone, Engineering Bay  
  52  6:10  Marine x2  
  48  6:28  Marine x2  
  47  6:46  Marine x2  
  40  7:20  Marine x2  
  38  7:34  Starport Reactor  
  35  7:37  Marine  
  35  7:38  Marine  
  35  7:40  Missile Turret  
  35  7:41  Missile Turret  
  28  7:52  Terran Infantry Weapons Level 1  
  28  7:55  Marine x2  
  28  7:57  Missile Turret  
  30  8:11  Viking x2  
  34  8:13  Marine  
  34  8:17  Barracks  
  34  8:18  Barracks  
  35  8:23  SCV  
  36  8:34  SCV  
  36  8:35  SCV  
  36  8:41  Siege Tank  
  41  8:46  SCV  
  41  8:48  SCV, Viking  
  43  8:49  Viking  
  47  8:58  SCV  
  47  9:00  SCV, Supply Depot  
  49  9:04  Supply Depot  
  49  9:09  Barracks Tech Lab  
  49  9:10  Barracks Reactor, SCV  
  49  9:12  SCV  
  49  9:13  Siege Tank  
  54  9:28  Viking  
  54  9:29  Command Center, Viking  
  58  9:39  Marine x2  
  58  9:45  Siege Tank  
  62  9:57  Marine x2  
  63  10:04  Stimpack  
  63  10:07  Marine x3  
  66  10:15  Marine x2  
  66  10:17  Siege Tank  
  69  10:25  Marine  
  63  10:35  SCV x2  
  64  10:47  SCV  
  64  10:48  SCV  
  64  10:49  Missile Turret  
  66  10:50  Command Center  
  66  10:59  SCV  
  66  11:00  SCV  
  68  11:05  Medivac x2  
  68  11:09  Siege Tank  
  75  11:11  Marine  
  75  11:12  SCV x2, Marine x4  
  75  11:16  Supply Depot x2  
  82  11:19  Supply Depot  
  82  11:21  Terran Infantry Armor Level 1  
  82  11:29  Marine x2  
  84  11:35  Medivac  
  84  11:37  Medivac  
  88  11:40  SCV x2  
  88  11:41  Siege Tank  
  88  11:45  Refinery  
  88  11:46  Marine  
  88  11:47  Marine x4  
  94  11:52  SCV  
  94  11:53  SCV  
  100  12:04  Orbital Command  
  100  12:05  Medivac  
  102  12:08  SCV  
  102  12:09  SCV  
  104  12:17  Marine x3  
  104  12:18  Marine x2  
  104  12:20  SCV  
  104  12:21  SCV  
  111  12:26  Siege Tank  
  111  12:27  Medivac  
  116  12:35  Marine  
  117  12:38  SCV x3  
  120  12:50  SCV x3  
  123  13:00  Marine x2  
Tags
 
Add a new tag
Caveats
  • Supply blocks, unpowered buildings, or Contaminate may cause inaccurate times.
  • Supply counts are checked every 10 seconds.